Map: Línea Aguablanca EE

Players

MrFercho - Winner!

  • Race: Zerg Zerg
  • League: Gold
  • Spawn Location: 7:00

tigro - Winner!

  • Race: Terran Terran
  • League: Bronze
  • Spawn Location: 6:00

TATORREA - Winner!

  • Race: Protoss Protoss
  • League: Gold
  • Spawn Location: 7:00

Rawlings

  • Race: Zerg Zerg
  • Spawn Location: 12:00

Jerico

  • Race: Terran Terran
  • League: Gold
  • Spawn Location: 1:00

Problems

  • Race: Protoss Protoss
  • League: Gold
  • Spawn Location: 1:00

VOD

Have the link to the VOD?

Description

Time

  • Played on: Aug. 20, 2020, 10:17 p.m.
  • Length: 16:51
Show
View Real Time Build Order
Export as new Build Order

MrFercho Zerg - Winner!

Build Orders: Hatch First 

Get SALT Encoding   

  12  0:00  Drone  
  13  0:16  Overlord  
  13  0:21  Drone  
  14  0:35  Drone x2  
  16  1:00  Drone  
  16  1:03  Hatchery  
  16  1:04  Drone  
  17  1:07  Drone  
  18  1:18  Extractor  
  17  1:24  Spawning Pool  
  16  1:26  Drone  
  16  1:30  Drone  
  18  1:34  Drone  
  19  1:51  Drone  
  20  2:11  Zergling x4  
  22  2:17  Drone x2  
  24  2:32  Drone  
  24  2:33  Queen  
  27  2:49  Queen, Spine Crawler  
  28  2:52  Overlord, Spine Crawler  
  28  2:56  Overlord  
  28  2:58  Drone  
  28  3:05  Roach Warren  
  27  3:12  Drone x5  
  32  3:34  Drone x3  
  35  3:39  Drone  
  36  3:42  Queen  
  36  3:46  Overlord x2  
  38  3:50  Drone x3  
  38  3:55  Lair  
  41  4:01  Drone x3  
  44  4:04  Extractor  
  43  4:18  Drone x3  
  43  4:19  Drone x4  
  50  4:27  Extractor  
  49  4:49  Evolution Chamber, Spore Crawler  
  47  4:57  Spore Crawler  
  46  5:00  Drone x2  
  46  5:04  Drone x2  
  46  5:06  Glial Reconstitution  
  50  5:10  Roach x5  
  50  5:11  Overlord x2  
  50  5:12  Overlord  
  60  5:29  Pneumatized Carapace  
  60  5:32  Overlord  
  60  5:38  Zerg Missile Weapons Level 1  
  60  5:40  Roach  
  60  5:41  Roach x4  
  70  5:49  Hydralisk Den  
  69  5:52  Overseer  
  69  5:53  Overseer  
  69  6:05  Roach  
  69  6:06  Roach x7  
  85  6:29  Drone x3  
  88  6:45  Hatchery  
  87  6:48  Roach x2  
  87  6:51  Overlord x4  
  91  7:06  Ravager  
  92  7:09  Ravager x6  
  92  7:13  Roach x2  
  102  7:20  Ravager  
  99  7:53  Muscular Augments  
  99  7:54  Roach x3  
  102  8:33  Roach  
  102  8:34  Roach x5  
  114  8:38  Extractor  
  113  8:44  Hatchery  
  112  8:56  Overseer  
  112  9:04  Grooved Spines  
  112  9:07  Drone x9  
  121  9:35  Overlord x3  
  121  9:36  Overlord x2  
  115  10:25  Ravager x3  
  115  10:26  Ravager x4  
  122  10:29  Metabolic Boost  
  122  10:32  Zerg Missile Weapons Level 2  
  122  10:38  Drone  
  122  10:39  Drone x7  
  82  11:39  Hydralisk, Roach x16  
  114  11:40  Hydralisk x5  
  126  11:58  Extractor  
  126  11:59  Extractor  
  124  12:02  Queen  
  124  12:03  Drone  
  124  12:04  Drone x2  
  124  12:05  Overlord x2, Drone x3  
  124  12:06  Hatchery  
  131  12:19  Infestation Pit  
  130  12:24  Spire  
  129  12:30  Lurker Den  
  129  12:33  Zergling x16  
  136  12:52  Ravager x5, Overseer  
  141  12:59  Overlord  
  141  13:11  Burrow  
  135  13:21  Hydralisk x7  
  135  13:23  Zergling x16  
  135  13:24  Zergling x12  
  159  13:35  Ravager x2  
  159  13:39  Overseer x2  
  115  15:17  Zergling x38  
  115  15:18  Zergling x6  
  134  15:29  Spore Crawler  
  134  15:30  Spore Crawler  
  134  15:32  Spore Crawler x2  
  134  15:33  Overseer  
  128  15:36  Spore Crawler  
  128  15:38  Spore Crawler  
  128  15:40  Spore Crawler  
  128  15:41  Spore Crawler  
  121  16:11  Drone  
Show
View Real Time Build Order
Export as new Build Order

tigro Terran - Winner!

Build Orders:  

Get SALT Encoding   

  12  0:14  SCV  
  13  0:23  Supply Depot  
  13  0:27  SCV  
  14  0:39  SCV  
  15  0:46  Supply Depot  
  15  0:53  Barracks  
  15  0:59  SCV  
  16  1:07  Refinery  
  16  1:11  SCV  
  17  1:23  SCV  
  17  1:24  Refinery  
  18  1:35  SCV  
  19  1:41  Marine  
  20  1:47  SCV  
  21  1:59  Marine, SCV  
  23  2:11  SCV  
  24  2:16  Marine  
  25  2:23  SCV  
  26  2:34  Marine  
  27  2:44  Factory  
  27  2:52  Marine  
  28  3:02  Orbital Command  
  28  3:12  Engineering Bay  
  28  3:14  Barracks Tech Lab  
  28  3:35  Factory Tech Lab  
  28  3:53  Command Center, Siege Tank  
  31  4:04  Marine  
  31  4:08  Terran Infantry Weapons Level 1  
  32  4:16  Combat Shield  
  32  4:22  Marine  
  33  4:25  Siege Tank  
  36  4:31  Missile Turret  
  36  4:39  Marine  
  37  4:57  Marine  
  38  5:04  Missile Turret  
  38  5:15  Marine  
  38  5:20  SCV, Refinery  
  40  5:24  Missile Turret  
  40  5:33  SCV  
  41  5:35  Stimpack  
  41  5:45  SCV  
  42  5:55  Missile Turret  
  42  5:56  Marine  
  42  5:57  SCV, Refinery  
  43  6:02  Cyclone  
  43  6:03  Terran Infantry Armor Level 1  
  47  6:09  SCV  
  48  6:14  Marine  
  48  6:16  Starport  
  49  6:21  SCV  
  50  6:32  Marine  
  51  6:33  SCV, Missile Turret  
  52  6:45  SCV  
  53  6:50  Marine  
  53  6:53  Missile Turret  
  54  6:57  SCV  
  55  7:05  Medivac  
  55  7:07  Marine  
  58  7:09  SCV  
  55  7:36  Missile Turret  
  44  7:55  Marine  
  44  7:57  Neosteel Armor, Missile Turret  
  44  8:02  Cyclone  
  47  8:13  Marine  
  47  8:31  Marine  
  48  8:34  Cyclone  
  51  8:46  Missile Turret  
  51  8:49  Marine  
  51  8:50  Starport Tech Lab  
  52  8:57  Armory  
  52  9:06  Marine, Cyclone  
  52  9:09  Command Center  
  56  9:11  Missile Turret  
  56  9:15  Barracks  
  56  9:24  Marine  
  57  9:32  Missile Turret  
  57  9:37  Hi-Sec Auto Tracking  
  57  9:38  Cyclone  
  57  9:42  Marine  
  61  9:45  Fusion Core  
  55  10:00  Marine  
  54  10:11  Cyclone  
  57  10:18  Marine  
  57  10:19  Refinery  
  57  10:21  Marine  
  59  10:29  Refinery  
  59  10:33  Supply Depot  
  59  10:36  Marine  
  59  10:38  Planetary Fortress  
  59  10:39  Marine  
  59  10:42  SCV  
  62  10:43  Cyclone  
  65  10:53  Marine  
  65  10:54  SCV  
  65  10:56  Supply Depot, Marine  
  68  11:06  SCV  
  69  11:11  Marine  
  69  11:14  Marine  
  69  11:15  Cyclone  
  69  11:18  SCV  
  70  11:29  Marine  
  70  11:30  SCV  
  70  11:32  Marine  
  62  11:43  Terran Vehicle Weapons Level 1  
  62  11:45  Weapon Refit  
  62  11:47  Terran Infantry Weapons Level 2, Cyclone  
  62  11:50  Battlecruiser  
  71  12:00  Barracks Reactor  
  71  12:03  SCV  
  72  12:16  SCV  
  72  12:19  Cyclone  
  76  12:28  SCV  
  77  12:40  SCV  
  78  12:51  Cyclone  
  78  12:52  SCV  
  78  12:55  Battlecruiser  
  88  13:04  SCV  
  86  13:16  SCV  
  87  13:23  Thor  
  87  13:25  Rapid Reignition System  
  93  13:28  SCV  
  94  13:37  Terran Vehicle And Ship Armor Level 1  
  94  14:02  Terran Infantry Armor Level 2  
  88  14:06  Thor  
  94  14:13  Marine x3  
  94  14:16  Battlecruiser  
  79  14:31  Marine x3  
  82  14:49  Thor, Marine x3  
  91  15:06  Marine  
  91  15:07  Marine x2  
  94  15:20  Battlecruiser  
  100  15:24  Marine  
Show
View Real Time Build Order
Export as new Build Order

TATORREA Protoss - Winner!

Build Orders: Carriers 

Get SALT Encoding   

  12  0:02  Probe  
  13  0:14  Probe  
  14  0:26  Probe  
  14  0:27  Pylon  
  15  0:45  Probe  
  16  0:53  Gateway  
  16  0:57  Probe  
  17  1:09  Probe  
  18  1:22  Probe  
  18  1:23  Gateway, Assimilator  
  18  1:25  Pylon  
  19  1:29  Pylon  
  19  1:34  Probe  
  20  1:46  Probe  
  21  1:51  Cybernetics Core  
  21  2:06  Assimilator  
  21  2:07  Probe  
  21  2:21  Probe  
  22  2:32  Twilight Council  
  22  2:36  Probe  
  23  2:44  Warp Gate  
  23  2:45  Adept (Chrono Boost)  
  23  2:46  Adept (Chrono Boost)  
  27  3:07  Stalker  
  27  3:08  Adept  
  31  3:13  Resonating Glaives (Chrono Boost)  
  31  3:33  Nexus  
  31  3:40  Pylon  
  31  3:49  Adept  
  31  3:51  Adept  
  35  4:10  Gateway  
  35  4:33  Stalker  
  35  4:34  Adept  
  39  4:39  Probe  
  39  4:43  Blink (Chrono Boost)  
  40  4:50  Probe  
  40  4:51  Probe  
  42  5:00  Adept x2  
  42  5:02  Probe  
  42  5:03  Probe  
  48  5:14  Probe  
  48  5:15  Adept  
  48  5:18  Probe  
  52  5:27  Probe  
  53  5:30  Probe  
  54  5:39  Probe  
  54  5:42  Probe  
  56  5:50  Pylon  
  56  5:51  Probe  
  56  5:53  Stargate  
  56  5:54  Stalker, Probe  
  56  5:55  Stalker  
  62  6:08  Probe x2  
  46  7:10  Stalker x3  
  46  7:12  Probe x2  
  54  7:17  Assimilator  
  54  7:19  Assimilator  
  54  7:23  Stargate  
  54  7:24  Probe x2  
  54  7:26  Fleet Beacon  
  56  7:31  Stargate  
  56  7:34  Pylon  
  56  7:36  Probe x2  
  58  7:39  Pylon  
  58  7:42  Pylon  
  58  7:49  Pylon  
  58  7:50  Probe x2  
  60  7:52  Pylon  
  60  7:54  Void Ray, Pylon  
  60  7:57  Pylon  
  60  8:03  Stalker x2  
  60  8:04  Stalker  
  70  8:14  Unknown  
  70  8:23  Nexus  
  70  8:25  Pylon  
  70  8:27  Pylon  
  70  8:37  Protoss Air Weapons Level 1  
  70  8:38  Probe x2  
  72  8:43  Stalker  
  72  8:44  Stalker x2  
  72  8:45  Void Ray  
  78  8:50  Probe x2  
  84  9:02  Probe x2  
  86  9:14  Probe x2  
  86  9:16  Stalker x3  
  94  9:17  Gateway  
  94  9:19  Gateway  
  94  9:20  Gateway x2  
  94  9:22  Gateway, Void Ray  
  94  9:26  Probe  
  94  9:27  Probe  
  100  9:37  Probe  
  101  9:39  Probe x2  
  101  9:41  Assimilator  
  103  9:46  Assimilator  
  103  9:49  Probe  
  103  9:51  Probe  
  103  9:52  Stalker x2  
  109  9:54  Stalker  
  111  10:02  Forge  
  111  10:03  Forge  
  111  10:35  Probe x3  
  113  10:47  Probe x2  
  113  10:48  Probe  
  114  10:50  Protoss Air Weapons Level 2 (Chrono Boost)  
  114  10:54  Stalker x3  
  114  10:55  Stalker x4  
  114  10:56  Stalker  
  128  10:59  Probe x2  
  128  11:00  Probe  
  129  11:25  Stalker x2  
  131  11:26  Stalker x5  
  131  11:27  Stalker  
  145  11:43  Void Ray x3  
  145  11:45  Nexus  
  145  11:48  Pylon, Protoss Ground Weapons Level 1 (Chrono Boost)  
  145  11:49  Protoss Shields Level 1 (Chrono Boost)  
  145  11:50  Pylon  
  157  11:56  Charge  
  157  12:06  Probe x3  
  160  12:18  Pylon, Probe x2  
  160  12:22  Pylon  
  162  12:26  Carrier, Pylon  
  162  12:29  Pylon  
  168  12:33  Pylon  
  168  12:36  Carrier x2  
  178  12:47  Zealot x3  
  184  13:04  Assimilator  
  180  13:11  Assimilator  
  172  13:13  Pylon  
  172  13:17  Pylon  
  172  13:30  Probe x3  
  172  13:31  Carrier  
  181  13:35  Protoss Air Weapons Level 3 (Chrono Boost)  
  181  13:40  Carrier x2  
  193  13:41  Robotics Facility  
  193  13:42  Robotics Facility  
  193  13:50  Gateway  
  193  13:52  Stalker x2  
  193  13:53  Gateway, Protoss Ground Weapons Level 2 (Chrono Boost)  
  193  13:55  Gateway  
  197  13:58  Protoss Shields Level 2 (Chrono Boost)  
  197  13:59  Gateway  
  197  14:04  Gateway  
  197  14:32  Observer x2  
  199  14:53  Nexus  
  199  14:54  Pylon  
  199  14:55  Pylon  
  195  15:30  Stalker x2  
  195  16:37  Assimilator  
  195  16:39  Assimilator  
Show
View Real Time Build Order
Export as new Build Order

Rawlings Zerg 

Build Orders: 1 Base Baneling Bust, Pool First, Muta Ling Bane 

Get SALT Encoding   

  12  0:02  Drone  
  13  0:10  Drone  
  14  0:29  Spawning Pool  
  14  0:34  Overlord  
  13  0:43  Drone  
  14  0:53  Drone x2  
  16  1:02  Extractor  
  15  1:19  Zergling x6  
  18  1:37  Zergling x2  
  19  2:12  Queen  
  21  2:15  Zergling x2  
  21  2:20  Overlord  
  21  2:21  Overlord  
  22  3:11  Drone x3  
  22  3:12  Extractor  
  24  3:30  Spine Crawler  
  23  3:55  Baneling Nest, Drone x5  
  27  4:00  Lair  
  27  4:06  Spore Crawler  
  26  4:12  Spore Crawler  
  25  4:17  Spore Crawler  
  25  4:21  Spore Crawler  
  25  4:24  Drone x4  
  25  4:25  Spore Crawler  
  26  4:53  Zergling x4  
  28  5:05  Centrifical Hooks  
  28  5:19  Drone x4  
  32  5:29  Spine Crawler  
  25  5:49  Hatchery  
  24  5:56  Drone x2  
  24  5:57  Drone x2  
  28  6:03  Drone  
  29  6:20  Overseer  
  29  6:41  Drone x4  
  29  6:43  Spire  
  32  7:01  Drone  
  32  7:02  Queen  
  35  7:12  Drone  
  36  7:15  Extractor  
  35  7:29  Roach Warren  
  34  7:37  Spore Crawler  
  34  7:42  Drone x4, Spore Crawler  
  36  8:03  Mutalisk x4  
  44  8:11  Overlord x3  
  44  8:38  Spine Crawler  
  43  8:44  Drone x3  
  43  8:45  Drone x2  
  48  8:52  Drone  
  49  8:57  Glial Reconstitution  
  49  9:01  Zerg Flyer Weapons Level 1  
  49  9:09  Drone  
  50  9:14  Extractor  
  49  9:19  Spine Crawler  
  45  9:41  Spine Crawler  
  45  9:42  Spine Crawler  
  45  9:44  Drone x3  
  46  9:49  Drone  
  47  10:05  Roach x4  
  47  10:06  Roach x2  
  59  10:11  Roach x4  
  67  10:16  Tunneling Claws  
  67  10:22  Evolution Chamber  
  67  10:28  Drone x2  
  68  10:30  Overlord x2  
  68  10:34  Overseer  
  68  10:49  Roach x2  
  72  10:55  Zerg Flyer Armor Level 1  
  51  11:24  Mutalisk  
  48  11:59  Hatchery  
  48  12:01  Roach x3  
  53  12:06  Overlord x3  
  53  12:17  Zerg Missile Weapons Level 1  
  53  12:41  Spore Crawler  
  52  12:46  Mutalisk x3  
  52  12:47  Mutalisk x2  
  52  12:48  Zerg Flyer Weapons Level 2  
  62  13:11  Queen  
  64  13:14  Drone  
  64  13:19  Extractor  
  64  13:26  Roach x5  
  74  13:46  Roach  
  74  13:47  Roach  
  78  13:55  Drone x3  
  80  14:00  Extractor  
  80  14:07  Spine Crawler  
  79  14:10  Spine Crawler  
  79  14:12  Spore Crawler  
  77  14:27  Mutalisk x3  
  77  14:30  Overlord x2  
  47  15:03  Spore Crawler  
  26  15:35  Spawning Pool  
  26  15:36  Drone x5  
  26  15:39  Overlord  
Show
View Real Time Build Order
Export as new Build Order

Jerico Terran 

Build Orders:  

Get SALT Encoding   

  12  0:01  SCV  
  13  0:13  SCV  
  14  0:25  Supply Depot, SCV  
  15  0:41  Refinery  
  15  0:46  SCV  
  15  0:49  Barracks  
  16  0:58  SCV  
  16  1:04  Supply Depot  
  17  1:11  SCV  
  18  1:23  SCV  
  19  1:29  Supply Depot  
  19  1:36  Marine  
  20  1:43  Refinery  
  20  2:18  Factory  
  20  2:20  Orbital Command  
  20  2:38  Marine  
  21  3:01  Marine  
  22  3:06  Factory Tech Lab  
  22  3:16  Starport  
  22  3:18  Marine  
  23  3:20  SCV  
  24  3:32  SCV  
  24  3:33  Command Center  
  25  3:37  Marine  
  26  3:44  SCV  
  27  3:55  Marine  
  27  3:56  SCV  
  27  4:02  Engineering Bay  
  29  4:13  Marine  
  29  4:15  Siege Tank  
  33  4:25  SCV  
  34  4:31  Starport Reactor  
  34  4:37  SCV  
  35  4:39  Armory  
  35  5:03  Supply Depot  
  35  5:06  Barracks Tech Lab  
  35  5:10  SCV  
  36  5:16  Refinery  
  36  5:22  Medivac x2, SCV  
  41  5:30  Thor  
  41  5:35  Terran Vehicle Weapons Level 1, SCV  
  48  5:47  SCV  
  49  5:52  Medivac x2, Armory  
  53  5:59  SCV  
  54  6:05  Stimpack  
  54  6:17  Marine  
  55  6:35  Marauder  
  57  6:43  Siege Tank  
  60  6:54  Refinery  
  60  6:55  Planetary Fortress  
  60  6:56  Marine  
  61  7:01  Missile Turret  
  61  7:23  Missile Turret  
  61  7:30  Missile Turret  
  61  7:36  SCV  
  62  7:43  Missile Turret  
  62  7:50  SCV  
  62  7:51  Missile Turret  
  62  7:58  Terran Vehicle Weapons Level 2  
  62  8:00  Terran Vehicle And Ship Armor Level 1  
  62  8:03  Armory  
  62  8:04  Missile Turret  
  62  8:08  Supply Depot  
  62  8:11  Missile Turret  
  62  8:15  Marauder, SCV  
  65  8:21  Thor  
  65  8:25  Missile Turret  
  71  8:27  SCV  
  71  8:31  Supply Depot  
  71  8:32  Terran Infantry Weapons Level 1, Missile Turret  
  72  8:36  Marine  
  72  8:38  Engineering Bay  
  72  8:39  SCV  
  74  8:53  Missile Turret  
  74  9:10  SCV  
  74  9:15  Terran Infantry Armor Level 1  
  75  9:22  SCV  
  76  9:28  Marine  
  77  9:33  Viking x2  
  77  9:34  SCV  
  82  9:46  SCV  
  82  9:47  Marauder  
  85  9:58  SCV  
  80  10:03  Viking  
  82  10:07  Combat Shield  
  82  10:08  Marine  
  82  10:14  Terran Vehicle And Ship Armor Level 2  
  83  10:26  Marauder  
  83  10:27  SCV  
  86  10:47  Terran Vehicle Weapons Level 3  
  86  10:50  Terran Ship Weapons Level 1  
  86  10:54  Marine  
  86  10:55  Supply Depot, SCV  
  88  11:06  Terran Infantry Weapons Level 2  
  88  11:07  SCV  
  79  11:19  Supply Depot, SCV  
  70  11:26  Concussive Shells  
  70  11:31  SCV  
  65  11:40  Thor  
  65  11:42  Viking x2  
  65  11:43  Supply Depot, Marine  
  76  11:55  Barracks  
  76  11:56  Barracks  
  76  12:01  Barracks, Marine  
  77  12:11  Supply Depot  
  77  12:12  Viking x2  
  81  12:19  Marine  
  82  12:37  Marine  
  82  12:42  Viking x2  
  87  12:45  Missile Turret  
  87  12:52  Barracks Reactor  
  87  12:54  Barracks Reactor  
  87  12:55  Barracks Reactor, Marine  
  88  12:58  Terran Infantry Armor Level 2  
  88  13:04  Missile Turret  
  88  13:06  Missile Turret  
  68  13:12  Marine  
  69  13:31  Marauder  
  69  13:33  Marine  
  69  13:34  Marine x5  
  77  13:51  Marine x3  
  77  13:52  Marine x4  
  80  14:09  Marine  
  80  14:10  Marauder  
Show
View Real Time Build Order
Export as new Build Order

Problems Protoss 

Build Orders:  

Get SALT Encoding   

  12  0:03  Probe  
  13  0:15  Probe  
  14  0:27  Pylon  
  14  0:37  Pylon  
  14  0:47  Forge  
  14  0:56  Probe  
  15  1:02  Assimilator  
  15  1:08  Probe  
  16  1:20  Probe  
  17  1:32  Probe  
  18  1:40  Photon Cannon  
  17  2:47  Gateway  
  17  2:55  Probe  
  17  2:56  Pylon  
  18  3:07  Probe  
  18  3:10  Pylon  
  18  3:11  Pylon  
  19  3:14  Assimilator  
  19  3:19  Probe  
  20  3:31  Probe  
  21  3:37  Nexus  
  21  3:42  Pylon  
  21  3:43  Pylon, Probe  
  22  3:50  Photon Cannon  
  22  3:53  Assimilator  
  22  4:04  Probe  
  23  4:11  Cybernetics Core  
  23  4:16  Probe  
  24  4:25  Zealot  
  24  4:28  Protoss Shields Level 1  
  26  4:44  Photon Cannon  
  26  4:46  Photon Cannon  
  26  4:50  Photon Cannon  
  26  4:52  Photon Cannon  
  26  4:57  Shield Battery  
  26  5:01  Probe  
  27  5:07  Probe  
  27  5:14  Probe  
  29  5:19  Probe  
  30  5:23  Stargate  
  30  5:26  Probe  
  30  5:28  Stargate  
  31  5:31  Probe  
  32  5:38  Probe  
  33  5:44  Probe  
  34  5:50  Probe (Chrono Boost)  
  34  5:56  Probe (Chrono Boost)  
  37  6:06  Void Ray  
  37  6:08  Void Ray, Probe x2 (Chrono Boost)  
  38  6:13  Probe (Chrono Boost)  
  38  6:15  Probe (Chrono Boost)  
  48  6:22  Probe  
  48  6:24  Protoss Air Armor Level 1  
  47  6:26  Probe  
  48  6:34  Probe  
  49  6:59  Pylon  
  49  7:04  Pylon  
  49  7:09  Probe  
  50  7:16  Void Ray  
  50  7:17  Void Ray  
  50  7:22  Probe  
  48  8:19  Void Ray  
  44  8:30  Protoss Air Weapons Level 1 (Chrono Boost)  
  44  8:32  Void Ray  
  40  8:58  Twilight Council  
  40  9:04  Pylon  
  40  9:23  Void Ray x2  
  47  10:00  Void Ray  
  51  10:15  Fleet Beacon  
  51  10:18  Warp Gate, Dark Shrine  
  51  10:33  Robotics Facility  
  51  10:43  Void Ray  
  55  10:56  Pylon  
  55  11:00  Pylon  
  33  11:56  Gateway  
  33  12:00  Gateway  
  33  12:02  Gateway  
  33  12:03  Observer  
  33  12:08  Phoenix  
  36  12:09  Tempest  
  41  12:17  Dark Templar  
  43  12:24  Immortal  
  47  12:43  Carrier  
  53  12:53  Dark Templar  
  53  12:57  Zealot  
  53  13:31  Dark Templar x2  
  29  14:40  Immortal  
  26  15:19  Immortal  
Tags
 
Add a new tag
Caveats
  • Supply blocks, unpowered buildings, or Contaminate may cause inaccurate times.
  • Supply counts are checked every 10 seconds.